 Dungeon Crawl Stone Soup version 0.21.1-1-g345015f (webtiles) character file.

32 sking99 the Ruffian (level 3, -3/36 HPs)
             Began as an Ogre Transmuter on June 20, 2018.
             Slain by Sigmund
             ... wielding a +0 scythe
              (6 damage)
             ... on level 2 of the Dungeon.
             The game lasted 00:03:11 (826 turns).

sking99 the Ruffian (Ogre Transmuter)                Turns: 826, Time: 00:03:11

Health: -3/36      AC:  3    Str: 14    XL:     3   Next: 25%
Magic:  6/6        EV: 10    Int: 15    God:
Gold:   88         SH:  0    Dex:  9    Spells: 3/6 levels left

rFire    . . .     SeeInvis .     - Unarmed
rCold    . . .     Gourm    .   (no shield)
rNeg     . . .     Faith    .   b - +0 robe
rPois    .         Spirit   .   (helmet restricted)
rElec    .         Reflect  .   (no cloak)
rCorr    .         Harm     .   (gloves unavailable)
MR       .....                  (boots unavailable)
Stlth    +.........             (no amulet)
HPRegen  0.12/turn              (no ring)
MPRegen  0.10/turn              (no ring)

@: berserk cooldown, slowed, very slow
A: large, unfitting armour, tough skin 1
a: no special abilities


You were on level 2 of the Dungeon.
You were not hungry.

You visited 1 branch of the dungeon, and saw 2 of its levels.

You collected 88 gold pieces.

Inventory:

Missiles
 a - 12 arrows
Armour
 b - a +0 robe (worn)
Jewellery
 e - an uncursed ring of fire {unknown}
Scrolls
 g - 2 scrolls of identify
 j - 3 scrolls of teleportation
 k - a scroll of enchant armour {unknown}
 l - a scroll of remove curse {unknown}
 m - a scroll of fear {unknown}
Potions
 i - a potion of mutation {unknown}
Books
 c - a book of Changes

   Spells                             Type                      Level
   a - Beastly Appendage              Transmutation                1
   b - Sticks to Snakes               Transmutation                2
   c - Spider Form                    Transmutation/Poison         3
   d - Ice Form                       Ice/Transmutation            4
   e - Blade Hands                    Transmutation                5
Comestibles
 d - 2 rations


   Skills:
 + Level 2.6 Fighting
 + Level 2.3 Dodging
 + Level 3.1 Unarmed Combat
 - Level 2.4 Spellcasting
 - Level 1.7 Transmutations


You had 3 spell levels left.
You knew the following spells:

 Your Spells              Type           Power        Failure   Level  Hunger
a - Beastly Appendage     Tmut           #.....       11%         1    #......
b - Sticks to Snakes      Tmut           #.......     16%         2    ###....


Dungeon Overview and Level Annotations

Branches:
Dungeon (1/15)

Altars:

Annotations:
D:2 Sigmund


Innate Abilities, Weirdness & Mutations

You are too large for most types of armour.
You have tough skin. (AC +1)


Message History

You feel a strong urge to attack something.
You are no longer berserk.
You are exhausted.
You feel yourself slow down.
Found 13 gold pieces.
You see here a sapphire potion.
Sigmund closely misses you.
You see here 13 gold pieces.
Sigmund hits you from afar with a scythe!
Sigmund screams, "Die, monster!"
Sigmund hits you from afar with a scythe!
* * * LOW HITPOINT WARNING * * *
As you read the scroll labeled GOWKOU SILAHAI, it crumbles to dust.
You hear a loud clanging noise!
It was a scroll of noise.
As you read the scroll labeled GUMEIH LEG WUH, it crumbles to dust.
It is a scroll of identify.
j - 3 scrolls of teleportation Sigmund hits you from afar with a scythe.
You die...

#.#.# #†..# ##..# #..#
#..# #..# #####
##.####### ####@..#
#>......# #....#@#
#######.# #.#.@#.#
#.....# .. #....#
#.##### #. ####$###
####...# ##.##....#
#.@$.#.# .......!##
#.##.#.#
#.......#########.##@#
#
#.......)...((....##..
#.[.....###############


You could see Sigmund.

Vanquished Creatures
  An adder (D:2)
  A ball python (D:2)
  A giant cockroach (D:1)
  2 goblins (D:1)
  3 hobgoblins (D:1)
  7 bats
  A frilled lizard (D:2)
  3 kobolds
  5 rats
24 creatures vanquished.

Notes
Turn   | Place    | Note
-------+----------+-------------------------------------------
     0 | D:1      | sking99 the Ogre Transmuter began the quest for the Orb.
     0 | D:1      | Reached XP level 1. HP: 19/19 MP: 3/3
   312 | D:1      | Reached XP level 2. HP: 27/28 MP: 5/5
   392 | D:1      | Learned a level 2 spell: Sticks to Snakes
   650 | D:1      | Reached skill level 3 in Unarmed Combat
   760 | D:1      | You fall through a shaft!
   781 | D:2      | Noticed Sigmund
   798 | D:2      | Reached XP level 3. HP: 36/36 MP: 6/6
   826 | D:2      | Slain by Sigmund

Skill      XL: |  1  2 |
---------------+-------+-----
Dodging        | 2 |  2.3
Fighting       | 2 |  2.6
Unarmed Combat | 3 |  3.1
Spellcasting   | |  2.4
Transmutations | |  1.7

Action                   || total
-------------------------++-------
Melee: Unarmed           ||    80
 Cast: Beastly Appendage ||     1
  Use: Potion            ||     1
       Scroll            ||     2
 Stab: Sleeping          ||     1
Armor: Robe              ||    44
Dodge: Dodged            ||    58
